Map: Bridgehead LE (Void)

Players

MorDka - Winner!

  • Race: Protoss Protoss
  • League: Master

ChitogeBesto

  • Race: Zerg Zerg
  • League: Master

Event: Lycan League Weekly August #3

VOD

Have the link to the VOD?

Description

Time

  • Played on: Aug. 17, 2015, 12:24 p.m.
  • Length: 7:27

All games in this series

Show
View Real Time Build Order
Export as new Build Order

MorDka Protoss - Winner!

Build Orders: 1 Gate Expand 

Get SALT Encoding   

  12  0:01  Probe  
  13  0:13  Pylon  
  13  0:18  Probe  
  14  0:31  Probe (Chrono Boost)  
  15  0:36  Gateway  
  15  0:42  Probe (Chrono Boost)  
  16  0:48  Probe  
  17  1:00  Probe  
  18  1:13  Nexus  
  18  1:16  Probe  
  19  1:24  Assimilator  
  19  1:26  Assimilator  
  19  1:32  Probe (Chrono Boost)  
  20  1:40  Pylon  
  20  1:44  Probe (Chrono Boost)  
  22  1:55  Cybernetics Core, Probe (Chrono Boost)  
  22  2:01  Zealot (Chrono Boost)  
  24  2:06  Probe  
  25  2:19  Pylon  
  25  2:27  Probe  
  25  2:36  Gateway  
  25  2:39  Adept (Chrono Boost)  
  25  2:41  Mothership Core (Chrono Boost)  
  27  2:51  Pylon  
  27  2:53  Warp Gate  
  27  2:55  Probe (Chrono Boost)  
  27  2:58  Probe  
  29  3:05  Adept (Chrono Boost)  
  31  3:08  Probe  
  32  3:17  Forge  
  32  3:23  Probe  
  32  3:24  Probe  
  34  3:31  Adept (Chrono Boost)  
  36  3:35  Adept (Chrono Boost)  
  36  3:57  Probe (Chrono Boost)  
  36  3:58  Probe (Chrono Boost)  
  37  4:04  Robotics Facility  
  37  4:09  Probe (Chrono Boost)  
  39  4:10  Probe (Chrono Boost)  
  39  4:13  Sentry x2  
  44  4:17  Probe (Chrono Boost)  
  44  4:20  Probe (Chrono Boost)  
  46  4:24  Photon Cannon  
  46  4:25  Probe (Chrono Boost)  
  46  4:29  Probe (Chrono Boost)  
  47  4:36  Probe (Chrono Boost)  
  49  4:39  Probe (Chrono Boost), Pylon  
  49  4:42  Probe (Chrono Boost)  
  50  4:46  Sentry  
  50  4:50  Pylon  
  52  4:53  Pylon  
  52  4:57  Sentry, Probe  
  55  5:01  Immortal (Chrono Boost)  
  55  5:06  Protoss Ground Weapons Level 1 (Chrono Boost)  
  59  5:12  Gateway  
  59  5:15  Gateway  
  59  5:22  Gateway  
  59  5:27  Gateway  
  59  5:36  Immortal (Chrono Boost)  
  63  5:44  Gateway  
  63  5:46  Gateway  
  63  5:51  Photon Cannon  
  63  5:57  Photon Cannon  
  63  6:07  Sentry x2  
  63  6:09  Observer (Chrono Boost)  
  68  6:18  Probe  
  68  6:23  Pylon  
  68  6:24  Warp Prism (Chrono Boost)  
  71  6:26  Adept x2  
  75  6:42  Adept x2  
  75  6:43  Adept  
  75  6:45  Adept  
  83  6:51  Observer  
  84  6:55  Pylon  
  84  7:01  Pylon  
  78  7:18  Adept x2  
  78  7:19  Adept x5  
  90  7:25  Adept  
Show
View Real Time Build Order
Export as new Build Order

ChitogeBesto Zerg 

Build Orders: Pool First 

Get SALT Encoding   

  12  0:01  Drone  
  13  0:09  Drone  
  14  0:14  Extractor  
  14  0:17  Drone  
  14  0:34  Spawning Pool  
  13  0:37  Drone  
  14  0:45  Overlord  
  14  1:20  Zergling x6  
  14  1:21  Metabolic Boost  
  14  1:23  Queen  
  19  1:32  Zergling x2  
  20  1:43  Zergling x2  
  21  2:00  Hatchery  
  20  2:04  Zergling x2  
  21  2:10  Drone  
  22  2:19  Overlord  
  21  2:40  Drone  
  21  2:41  Drone x4  
  25  2:58  Drone  
  25  2:59  Drone  
  27  3:07  Overlord  
  27  3:13  Queen  
  27  3:14  Drone  
  30  3:28  Drone, Zergling x4  
  30  3:29  Drone x3  
  36  3:42  Drone x2  
  35  3:57  Drone x2  
  35  3:58  Drone  
  35  4:01  Roach Warren  
  37  4:10  Hatchery  
  37  4:14  Drone x3  
  37  4:15  Drone x2  
  41  4:23  Lair, Extractor  
  40  4:24  Extractor  
  39  4:35  Overlord  
  39  4:36  Drone  
  39  4:37  Drone x4  
  44  4:58  Drone x2  
  46  5:00  Roach x3  
  46  5:01  Overlord x2  
  52  5:12  Overlord x2  
  52  5:20  Glial Reconstitution  
  52  5:23  Drone  
  52  5:24  Roach x4  
  52  5:25  Evolution Chamber  
  60  5:34  Roach x3  
  64  5:47  Extractor  
  64  5:49  Drone x3  
  66  5:51  Queen  
  66  5:56  Hydralisk Den  
  67  6:01  Drone  
  67  6:02  Drone x7  
  75  6:19  Overlord  
  75  6:24  Hydralisk x4  
  82  6:37  Ravager x2  
  84  6:40  Overlord x2  
  84  6:42  Roach  
  84  6:43  Roach x2  
  90  6:51  Hydralisk x2  
  90  6:53  Overlord  
  94  6:58  Hydralisk x2  

Tags
 
Add a new tag
Caveats
  • Supply blocks, unpowered buildings, or Contaminate may cause inaccurate times.
  • Supply counts are checked every 10 seconds.